 Dungeon Crawl Stone Soup version 0.29.0-4-gdea44cf6ec (webtiles) character file.

Game seed: 10312934952627188743

99 qw the Chopper (level 4, 0/26 HPs)
             Began as a Tengu Warper on Aug 28, 2022.
             Slain by an iron imp (3 damage)
             ... summoned by Natasha
             ... on level 2 of the Dungeon.
             The game lasted 00:00:10 (2425 turns).

qw the Chopper (Tengu Warper)                       Turns: 2425, Time: 00:00:10

Health: 0/26       AC:  6    Str: 14    XL:     4   Next: 72%
Magic:  8/8        EV:  9    Int: 13    God:
Gold:   21         SH:  0    Dex: 13    Spells: 7/7 levels left

rFire   . . .      SeeInvis .   Y - +0 hand axe
rCold   . . .      Faith    .   (no shield)
rNeg    . . .      Spirit   .   i - +0 scale mail
rPois   .          Reflect  .   (helmet restricted)
rElec   .          Harm     .   (no cloak)
rCorr   .          Rampage  .   (no gloves)
Will    .....                   (boots unavailable)
Stlth   ..........              (no amulet)
HPRegen 0.08/turn               (no ring)
MPRegen 0.11/turn               (no ring)

@: no status effects
A: beak, talons 3
a: no special abilities


You were on level 2 of the Dungeon.
You visited 1 branch of the dungeon, and saw 2 of its levels.

You collected 77 gold pieces.
You spent 56 gold pieces at shops.


Innate Abilities, Weirdness & Mutations

You have a beak for a mouth.
You have claws for feet.


   Skills:
 - Level 2.0 Fighting
 + Level 5.2 Axes
 - Level 1.0 Throwing
 - Level 1.1 Armour
 - Level 2.1 Dodging
 - Level 2.0 Spellcasting
 - Level 2.4 Translocations


You had 7 spell levels left.
You didn't know any spells.
Your spell library contained the following spells:

 Spells                   Type           Power      Damage    Failure   Level
 Blink                    Tloc           14%        N/A       54%         2
 Gell's Gravitas          Tloc           7%         N/A       77%         3
 Lesser Beckoning         Tloc           7%         N/A       77%         3
 Teleport Other           Tloc           7%         N/A       77%         3
 Manifold Assault         Tloc           7%         N/A       100%        5

Inventory:

Hand Weapons
 g - a +0 flail
 Y - a +0 hand axe (weapon)
Armour
 i - a +0 scale mail (worn)
Jewellery
 a - a ring of resist corrosion
Scrolls
 f - a scroll of noise {unknown}
 h - a scroll of brand weapon {unknown}
 k - 3 scrolls of identify
Potions
 b - a potion of heal wounds {unknown}
 c - a potion of resistance {unknown}
 d - a potion of mutation {unknown}

Dungeon Overview and Level Annotations

Branches:
Dungeon (2/15)

Altars:

Shops:
D:1 ?

Annotations:
D:2 Natasha


Message History

The white imp hits you but does no damage.
The crimson imp grinds its teeth.
The crimson imp blinks!
The iron imp hits you but does no damage.
You barely miss the iron imp. You claw the iron imp.
The iron imp is moderately wounded.
You closely miss the white imp. You barely miss Natasha.
You closely miss the crimson imp. Natasha closely misses you.
The white imp barely misses you. The crimson imp barely misses you.
The iron imp hits you.
You hit the iron imp.
You peck the iron imp, but do no damage.
The iron imp is severely wounded.
You miss Natasha.
You hit the crimson imp but do no damage.
You barely miss the white imp. Natasha claws you but does no damage.
The white imp closely misses you.
The crimson imp hits you but does no damage.
Natasha claws you but does no damage. The iron imp hits you.
You hit the iron imp but do no damage.
You claw the iron imp, but do no damage.
You peck the iron imp, but do no damage.
The iron imp is severely wounded.
You closely miss the white imp. You completely miss Natasha.
You hit the crimson imp.
The crimson imp hits you but does no damage.
The white imp gestures at you. The puff of frost hits you.
Natasha claws you but does no damage.
You hit the iron imp but do no damage. Your kick misses the iron imp.
The iron imp is severely wounded.
You hit the white imp. You hit Natasha but do no damage.
You barely miss the crimson imp. The iron imp hits you.
The white imp misses you. The crimson imp hits you.
Natasha completely misses you.
You hit the iron imp but do no damage. Your kick misses the iron imp.
The iron imp is severely wounded.
You hit Natasha. You barely miss the crimson imp. You hit the white imp.
The crimson imp barely misses you. The white imp barely misses you.
The iron imp hits you.
You die...

#.#.....#####.##..#.#
#.###..)......##..#.#
#.........######..#.#
#####).....## #..#.#
#.....#.####....#
#.....#........##
#.....#.####...#
#####...5h.### #...#
#.......@5...###...#
#.####.##5.....#..(#
#.# #.###.....#...#
#.# #>###.....#.#.##
#.# #..........###.##
#.# #.###.....## ##.#
#.# #.###......###.##
#.# #.##........#.##
#.# #....##.###..##


You could see an iron imp (summoned), Natasha, a crimson imp (summoned) and a
white imp (summoned).

Vanquished Creatures
  Natasha (twice) (D:2)
  A gnoll (D:2)
  2 worms (D:2)
  A dart slug (D:2)
  5 bats
  An endoplasm (D:1)
  A giant cockroach (D:2)
  3 goblins (D:2)
  3 hobgoblins
  A quokka (D:1)
  3 ball pythons (D:2)
  A frilled lizard (D:1)
  6 kobolds
  A rat (D:2)
31 creatures vanquished.

Notes
Turn   | Place    | Note
-------+----------+-------------------------------------------
     0 | D:1      | qw the Tengu Warper began the quest for the Orb.
     0 | D:1      | Reached XP level 1. HP: 12/12 MP: 4/4
     0 | D:1      | 0 ||| qw: Version: 0.1-a-89-g26bdef1
     0 | D:1      | 0 ||| qw: Game counter: 2449
     0 | D:1      | 0 ||| qw: Always use a shield: true
     0 | D:1      | 0 ||| qw: God list: Okawaru
     0 | D:1      | 0 ||| qw: Allow faded altars: false
     0 | D:1      | 0 ||| qw: Do Orc after D:15 true
     0 | D:1      | 0 ||| qw: Do second Lair branch before Depths: true
     0 | D:1      | 0 ||| qw: Lair rune preference: random
     0 | D:1      | 0 ||| qw: Plans: Normal
     0 | D:1      | 0 ||| PLANNING D:1-11
   442 | D:1      | Reached XP level 2. HP: 17/17 MP: 6/6
   499 | D:1      | Reached skill level 3 in Axes
   565 | D:1      | Found Onomul's Magic Scroll Boutique.
   570 | D:1      | 570 ||| BUYING scroll of identify (28 gold).
   570 | D:1      | Bought a scroll of identify for 28 gold pieces
   570 | D:1      | 570 ||| BUYING scroll of identify (28 gold).
   570 | D:1      | Bought a scroll of identify for 28 gold pieces
   570 | D:1      | 570 ||| SHOPLISTING scroll of teleportation (42 gold, have
                  | 3).
   582 | D:1      | Found a faded altar of an unknown god.
   891 | D:1      | 891 ||| UPGRADING to +0 ring mail.
   901 | D:1      | 901 ||| DROPPING +0 leather armour.
   902 | D:1      | 902 ||| UPGRADING to +0 scale mail.
   912 | D:1      | 912 ||| DROPPING +0 ring mail.
   913 | D:1      | 913 ||| DROPPING amulet of faith.
   914 | D:1      | 914 ||| READING scroll labelled OTZAOVEHEL.
   915 | D:1      | 915 ||| READING scroll labelled RAUXEM WICSEWU.
   918 | D:1      | 918 ||| READING 3 scrolls of identify.
   918 | D:1      | 918 ||| IDENTIFYING smoky inky potion
   919 | D:1      | 919 ||| READING 2 scrolls of identify.
   919 | D:1      | 919 ||| IDENTIFYING silvery potion
   920 | D:1      | 920 ||| DROPPING scroll of blinking.
   921 | D:1      | 921 ||| DROPPING potion of attraction.
   922 | D:1      | 922 ||| DROPPING potion of lignification.
  1210 | D:2      | 1210 ||| FLEEEEING.
  1211 | D:2      | 1211 ||| FLEEEEING.
  1212 | D:2      | 1212 ||| FLEEEEING.
  1213 | D:2      | 1213 ||| FLEEEEING.
  1214 | D:2      | 1214 ||| FLEEEEING.
  1348 | D:2      | 1348 ||| Stepping ~*~*~tactically~*~*~ (stealth).
  1368 | D:2      | Reached XP level 3. HP: 21/21 MP: 7/7
  1528 | D:2      | 1528 ||| Stepping ~*~*~tactically~*~*~ (stealth).
  1535 | D:2      | 1535 ||| FLEEEEING.
  1536 | D:2      | 1536 ||| FLEEEEING.
  1537 | D:2      | 1537 ||| FLEEEEING.
  1538 | D:2      | 1538 ||| FLEEEEING.
  1539 | D:2      | 1539 ||| FLEEEEING.
  1540 | D:2      | 1540 ||| FLEEEEING.
  1541 | D:2      | 1541 ||| FLEEEEING.
  1559 | D:2      | Reached skill level 4 in Axes
  1699 | D:2      | Noticed Natasha
  1706 | D:2      | HP: 4/21 [Natasha (7)]
  1707 | D:2      | 1707 ||| READING scroll of teleportation.
  1709 | D:2      | Killed Natasha
  2088 | D:2      | Reached XP level 4. HP: 26/26 MP: 8/8
  2110 | D:2      | 2110 ||| Stepping ~*~*~tactically~*~*~ (hiding).
  2173 | D:2      | 2173 ||| DROPPING +0 whip.
  2276 | D:2      | Noticed Natasha
  2284 | D:2      | Killed Natasha
  2285 | D:2      | Reached skill level 5 in Axes
  2401 | D:2      | Noticed Natasha
  2402 | D:2      | 2402 ||| Stepping ~*~*~tactically~*~*~ (stealth).
  2403 | D:2      | 2403 ||| Stepping ~*~*~tactically~*~*~ (stealth).
  2424 | D:2      | HP: 5/26 [iron imp[Natasha] (4)]
  2425 | D:2      | Slain by an iron imp

Levels and vault maps discovered:
D:1:      nagdon_arrival_zigzag_paths, layout_basic, serial_shops,
          nicolae_shop_crystal, basic_ecumenical_altar
D:2:      minmay_chambers_of_ones, layout_loops_ring, chequers_avenue,
          uniq_natasha

Skill      XL: |  1  2  3  4 |
---------------+-------------+-----
Axes           | 3 4 5 |  5.2
Fighting       | |  2.0
Throwing       | |  1.0
Armour         | |  1.1
Dodging        | |  2.1
Spellcasting   | |  2.0
Translocations | |  2.4

Action                   |  1- 3 |  4- 6 || total
-------------------------+-------+-------++-------
Melee: Hand axe          |    53 |    30 ||    83
       Peck              |     7 |     5 ||    12
       Kick              |    15 |     7 ||    22
       Punch             |     2 |     1 ||     3
Throw: Boomerang         |     7 |       ||     7
  Use: Scroll            |     5 |       ||     5
Armor: Scale mail        |    17 |    18 ||    35
       Leather armour    |     4 |       ||     4
Dodge: Dodged            |    20 |    19 ||    39

Table legend:
 A = Non-vault XP
 B = Vault XP
 C = Vault XP percentage of total XP
 D = Non-vault monster count
 E = Vault monster count
 F = Vault count percentage of total count
                 A         B        C        D         E       F
            +---------+---------+-------+---------+---------+-------
      Total |      84 |      58 |  40.8 |      25 |       6 |  19.4
            +---------+---------+-------+---------+---------+-------
        D:1 |      17 |       0 |   0.0 |      10 |       0 |   0.0
        D:2 |      67 |      58 |  46.4 |      15 |       6 |  28.6
            +---------+---------+-------+---------+---------+-------
